 Dungeon Crawl Stone Soup version 0.28.0-53-g5a82cb258f (webtiles) character file.

Game seed: 8400343591262922921

61 Metae the Skirmisher (level 3, 0/35 HPs)
             Began as a Minotaur Fighter on July 11, 2022.
             Slain by an orc
             ... wielding a +0 dagger
              (3 damage)
             ... on level 2 of the Dungeon.
             The game lasted 00:04:42 (1230 turns).

Metae the Skirmisher (Minotaur Fighter)             Turns: 1230, Time: 00:04:43

Health: 0/35       AC:  6    Str: 22    XL:     3   Next: 83%
Magic:  2/2        EV:  9    Int:  5    God:
Gold:   104        SH:  4    Dex:  9    Spells: 2/2 levels left

rFire   . . .      SeeInvis .   a - +0 flail
rCold   . . .      Faith    .   c - +0 buckler
rNeg    + . .      Spirit   .   b - +0 scale mail
rPois   .          Reflect  .   (helmet restricted)
rElec   .          Harm     .   (no cloak)
rCorr   .          Rampage  .   (no gloves)
Will    .....                   (no boots)
Stlth   ..........              (no amulet)
HPRegen 0.11/turn               j - ring of positive energy
MPRegen 0.08/turn               (no ring)

@: no status effects
A: horns 2, retaliatory headbutt
a: no special abilities


You were on level 2 of the Dungeon.
You visited 1 branch of the dungeon, and saw 2 of its levels.

You collected 104 gold pieces.

Inventory:

Hand Weapons
 a - a +0 flail (weapon)
 n - a +2 short sword of draining
Missiles
 f - 2 javelins (quivered)
 m - 5 stones
Armour
 b - a +0 scale mail (worn)
 c - a +0 buckler (worn)
 g - a +0 pair of boots
Jewellery
 j - a ring of positive energy (left hand)
Scrolls
 e - 2 scrolls of immolation {unknown}
 i - a scroll of fog {unknown}
 l - a scroll of identify {unknown}
 o - a scroll of noise {unknown}
 p - 2 scrolls of blinking {unknown}
 r - a scroll of magic mapping {unknown}
Potions
 d - a potion of might
 h - a potion of haste {unknown}
 k - a potion of degeneration {unknown}
 q - a potion of curing {unknown}
 s - 2 potions of brilliance {unknown}


   Skills:
 + Level 4.8 Fighting
 + Level 4.0 Maces & Flails
 - Level 3.6 Armour
 - Level 3.6 Shields


You had 2 spell levels left.
You didn't know any spells.
Your spell library contained the following spells:

 Spells                   Type           Power      Damage    Failure   Level
 Slow                     Hex            0%         N/A       88%         1
 Confusing Touch          Hex            0%         N/A       99%         3
 Vampiric Draining        Necr           0%         2d6       99%         3


Dungeon Overview and Level Annotations

Branches:
Dungeon (2/15)

Altars:


Innate Abilities, Weirdness & Mutations

You have a pair of horns on your head.
You reflexively headbutt those who attack you in melee.


Message History

The orc hits you but does no damage. Something hits you.
You miss something. Your headbutt misses something.
The orc hits you but does no damage. Something hits you but does no damage.
You barely miss something. Your headbutt misses something.
The orc hits you with a +0 dagger. You block something's attack.
The orc closely misses you.
You miss something. Your headbutt misses something.
You hear some strange, mumbled words.
A magic dart appears from out of thin air!
The magic dart hits you. The orc hits you with a +0 dagger.
You barely miss something. Something hits you.
The orc hits you but does no damage.
You hear some strange, mumbled words.
A magic dart appears from out of thin air!
The magic dart hits you.
* * * LOW HITPOINT WARNING * * *
You barely miss something. The orc hits you but does no damage.
Something hits you but does no damage.
You closely miss something. You block the orc's attack.
You hear some strange, mumbled words.
A magic dart appears from out of thin air!
The magic dart hits you.
* * * LOW HITPOINT WARNING * * *
The orc barely misses you.
You thump something!
Reactivating autopickup.
You feel a bit more experienced. The orc hits you but does no damage.
Your Maces & Flails skill increases to level 4!
You closely miss the orc. You block the orc's attack.
You barely miss the orc. The orc closely misses you.
You hit the orc. Your headbutt misses the orc.
The orc is lightly wounded.
The orc hits you but does no damage. You block the orc's attack.
You hit the orc.
The orc is heavily wounded.
The orc hits you but does no damage.
You hit the orc.
The orc is heavily wounded.
The orc hits you with a +0 dagger.
You die...

##.......##......<........
###..###....######...##...
# #..)......# #...##... #
#.........# #........
###.###.....# ###.###..#.
....###.....# #...# #...
.#..........# #.#.# ##.
##....#.....####.#.#
....####....##..@..###
#..## #.....#..)o...# .
#<## #.............# o.
#.# ######........# .. #.#
##.........# .# ..#
##..#.......##.# ..###
###..#....>......#
....####...#..#...รท..####
###..##..#...##......#


You could see an orc.

Vanquished Creatures
  An orc wizard (D:2)
  An orc (D:2)
  A bat (D:1)
  3 endoplasms
  A giant cockroach (D:1)
  2 goblins
  4 hobgoblins
  5 quokkas
  5 ball pythons
  2 frilled lizards (D:1)
  5 kobolds
  6 rats
36 creatures vanquished.

Notes
Turn   | Place    | Note
-------+----------+-------------------------------------------
     0 | D:1      | Metae the Minotaur Fighter began the quest for the Orb.
     0 | D:1      | Reached XP level 1. HP: 19/19 MP: 0/0
   132 | D:1      | Reached XP level 2. HP: 21/27 MP: 1/1
   838 | D:2      | Reached XP level 3. HP: 30/34 MP: 2/2
  1230 | D:2      | Slain by an orc

Illustrated notes

Levels and vault maps discovered:
D:1:      mrwooster_arrival_arrow, layout_rooms, hangedman_glass_teeth,
          minmay_fountain_box
D:2:      layout_rooms

Skill      XL: |  1  2  3 |
---------------+----------+-----
Fighting       | 4 |  4.8
Maces & Flails | 3 4 |  4.0
Armour         | |  3.6
Shields        | |  3.6

Action                   || total
-------------------------++-------
Melee: Flail             ||    97
       Headbutt          ||    10
Armor: Scale mail        ||    53
Dodge: Dodged            ||    43
Block: Buckler           ||    31
